 Dungeon Crawl Stone Soup version 0.28-a0-1624-g820543e53a (webtiles) character file.

Game seed: 4888954776841276613

12 HallandMoats the Skirmisher (level 2, 0/26 HPs)
             Began as a Ghoul Fighter on Jan 23, 2022.
             Splashed by a jelly's acid (1 damage)
             ... on level 2 of the Dungeon.
             The game lasted 00:00:58 (906 turns).

HallandMoats the Skirmisher (Ghoul Fighter)          Turns: 906, Time: 00:00:59

Health: 0/26       AC:  7    Str: 19    XL:     2   Next: 33%
Magic:  1/1        EV:  9    Int:  3    God:
Gold:   36         SH:  4    Dex:  8    Spells: 1/1 levels left

rFire   . . .      SeeInvis .   a - +0 flail
rCold   + . .      Faith    .   c - +0 buckler
rNeg    + + +      Spirit   .   b - +0 scale mail
rPois   ∞          Reflect  .   (no helmet)
rElec   .          Harm     .   (no cloak)
rCorr   .          Rampage  .   h - +0 pair of gloves
Will    .....                   (no boots)
Stlth   ..........              (no amulet)
HPRegen 0.00/turn               i - ring of flight
MPRegen 0.07/turn               (no ring)

@: flying, inhibited regen
A: claws 1, cold resistance 1, negative energy resistance 3, inhibited
regeneration, torment resistance 2
a: no special abilities


You were on level 2 of the Dungeon.
You visited 1 branch of the dungeon, and saw 2 of its levels.

You collected 36 gold pieces.

Inventory:

Hand Weapons
 a - a +0 flail (weapon)
Missiles
 g - 2 curare-tipped darts (quivered)
Armour
 b - a +0 scale mail (worn)
 c - a +0 buckler (worn)
 h - a +0 pair of gloves (worn)
Jewellery
 i - a ring of flight (left hand)
Scrolls
 f - a scroll of teleportation {unknown}
 j - a scroll of identify {unknown}
Potions
 d - 2 potions of might
 e - a potion of lignification {unknown}
 k - a potion of ambrosia {unknown}


   Skills:
 * Level 3.6 Fighting
 - Level 1.7 Maces & Flails
 + Level 2.7 Armour
 + Level 0.2 Dodging
 + Level 2.7 Shields
 * Level 1.0 Invocations


You had one spell level left.
You didn't know any spells.
Your spell library was empty.

Dungeon Overview and Level Annotations

Branches:
Dungeon (2/15)

Altars:

Shops:
D:2 *


Innate Abilities, Weirdness & Mutations

You thrive by killing the living.
You are immune to poison.
You have sharp fingernails.
Your flesh is cold resistant. (rC+)
You are immune to negative energy. (rN+++)
You do not regenerate when monsters are visible.
You are immune to unholy pain and torment.


Message History

You are too injured to fight recklessly!
You are too injured to fight recklessly!
You are too injured to fight recklessly!
You are too injured to fight recklessly!
You are too injured to fight recklessly!
You are too injured to fight recklessly!
You are too injured to fight recklessly!
You are too injured to fight recklessly!
You are too injured to fight recklessly!
You are too injured to fight recklessly!
You are too injured to fight recklessly!
You are too injured to fight recklessly!
You are too injured to fight recklessly!
You are too injured to fight recklessly!
You are too injured to fight recklessly!
You are too injured to fight recklessly!
You are too injured to fight recklessly!
You are too injured to fight recklessly!
You are too injured to fight recklessly!
You are too injured to fight recklessly!
You are too injured to fight recklessly!
You are too injured to fight recklessly!
You are too injured to fight recklessly!
You hit the jelly but do no damage.
Your hands burn!
The jelly is lightly wounded.
You block the jelly's attack. The jelly hits you but does no damage.
You hit the jelly.
Your hands burn!
* * * LOW HITPOINT WARNING * * *
The jelly is moderately wounded.
The frilled lizard hisses.
The frilled lizard bites you but does no damage.
The jelly hits you but does no damage.
You hit the jelly.
Your hands burn!
* * * LOW HITPOINT WARNING * * *
The jelly is moderately wounded.
The frilled lizard closely misses you. The jelly hits you but does no damage.
The frilled lizard bites you.
* * * LOW HITPOINT WARNING * * *
You thump the jelly!
Your hands burn!
You die...

#.#
.###.#.#..#...#
#.# ##
#...##....##
#.# ##..###...#
#..# ##....#
##.####.####
#.....>#
#..#...#
##.####.# #.@#
#.# #lJ# #..#
#..# #..# .....
#.....# #...(.#
#.....#


You could see a jelly and a frilled lizard.

Vanquished Creatures
  An orc (D:2)
  2 hobgoblins (D:1)
  A quokka (D:1)
  A bat (D:1)
  A frilled lizard (D:1)
  3 kobolds
  4 rats
13 creatures vanquished.

Vanquished Creatures (others)
  2 fungi (D:2)
  A plant (D:2)
3 creatures vanquished.

Grand Total: 16 creatures vanquished

Notes
Turn   | Place    | Note
-------+----------+-------------------------------------------
     0 | D:1      | HallandMoats the Ghoul Fighter began the quest for the Orb.
     0 | D:1      | Reached XP level 1. HP: 19/19 MP: 0/0
   576 | D:1      | Reached XP level 2. HP: 26/26 MP: 1/1
   810 | D:2      | Found Hykka's Assorted Antiques.
   833 | D:2      | Reached skill level 1 in Invocations
   905 | D:2      | HP: 1/26 [frilled lizard (2)]
   906 | D:2      | Splashed by a jelly's acid

Illustrated notes

Levels and vault maps discovered:
D:1:      lightli_arrival_boilingwater, layout_loops_ring
D:2:      minmay_wonky_spiral, layout_rooms, serial_shops, shop,
          dreamdust_ecumenical_altar_grove

Skill      XL: |  1  2 |
---------------+-------+-----
Invocations    | 1 |  1.0
Fighting       | |  3.6
Maces & Flails | |  1.7
Armour         | |  2.7
Dodging        | |  0.2
Shields        | |  2.7

Action                   || total
-------------------------++-------
Melee: Flail             ||    52
Armor: Scale mail        ||    24
Dodge: Dodged            ||    23
Block: Buckler           ||    15

Table legend: (Time is in decaauts)
 A = Elapsed time spent in this place.
 B = Non-inter-level travel time spent in this place.
 C = Inter-level travel time spent in this place.
 D = Time resting spent in this place.
 E = Time spent auto-exploring this place.
 F = Levels seen in this place.
 G = Mean time per level.
                   A        B        C        D        E       F      G
               +--------+--------+--------+--------+--------+-----+--------+
         Total |    925 |    902 |     23 |      0 |    738 |   2 |  462.5 |
       Dungeon |    925 |    902 |     23 |      0 |    738 |   2 |  462.5 |
               +--------+--------+--------+--------+--------+-----+--------+

Top non-repeatable levels by time:
     D:1: 777 daAuts
     D:2: 148 daAuts
